 Seeded DCSS version 0.32-a0-898-g7811c86cf0 (webtiles) character file.

Game seed: 202404046 (custom seed)

10070 Orlauf the Cleaver (level 11, 0/96 HPs)
             Began as a Demonspawn Gladiator on Apr 4, 2024.
             Was an Elder of Uskayaw.
             Slain by an orc warrior
             ... wielding a +0 mace
              (2 damage)
             ... on level 9 of the Dungeon.
             The game lasted 00:12:54 (9787 turns).

Orlauf the Cleaver (Demonspawn Gladiator)           Turns: 9787, Time: 00:12:55

Health: 0/96       AC: 17    Str: 18    XL:     11   Next: 31%
Magic:  17/17      EV:  4    Int:  9    God:    Uskayaw [****..]
Gold:   168        SH:  5    Dex: 15    Spells: 10/10 levels left

rFire   + + +        a - +7 war axe
rCold   + . .        (no shield)
rNeg    . . .        t - +0 plate armour
rPois   .            c - +1 helmet
rElec   .            p - scarf {rC+ rF+}
rCorr   .            j - +0 pair of gloves
SInv    .            (no boots)
Will    .....        l - amulet of reflection Stlth
                     s - ring of protection from fire
HPRegen 0.36/turn    (no ring)
MPRegen 0.15/turn

%: reflection
@: lethally poisoned (0 -> -16), slowed, studying Fighting, very slow
A: claws 1, molten scales 3, foul stench 1, spiny 2
a: Renounce Religion, Stomp, Line Pass


You were on level 9 of the Dungeon.
You worshipped Uskayaw.
Uskayaw was aware of your devotion.
You visited 2 branches of the dungeon, and saw 10 of its levels.
You also visited: Bailey.

You collected 397 gold pieces.
You spent 229 gold pieces at shops.

Inventory:

Hand Weapons
 a - a +7 war axe (weapon)
 b - a +2 mace of venom
 d - the +12 quarterstaff "Feale Viri" {elec, rPois Int+2}
   (You took it off a spriggan in a bailey)

   Int+2:     It affects your intelligence (+2).
   rPois:     It protects you from poison.
 C - a +1 war axe
 K - a +0 war axe of freezing
Missiles
 e - a javelin
 g - a curare-tipped dart
 M - a throwing net
Armour
 c - a +1 helmet (worn)
 j - a +0 pair of gloves (worn)
 p - a scarf of resistance (worn)
 t - a +0 plate armour (worn)
 v - a +0 cloak
Jewellery
 l - an amulet of reflection (around neck)
 s - a ring of protection from fire (left hand)
 B - a ring of fire
 F - a +6 ring of intelligence
 G - a +6 ring of strength
 L - a ring of protection from cold
Wands
 w - a wand of flame (20) (quivered)
 y - a wand of quicksilver (14)
 I - a wand of mindburst (2)
Scrolls
 m - 5 scrolls of teleportation
 n - 3 scrolls of poison
 o - a scroll of revelation
 u - a scroll of amnesia
 A - 3 scrolls of enchant weapon
 E - 2 scrolls of fog
 H - 2 scrolls of identify
Potions
 f - 4 potions of heal wounds
 h - 2 potions of enlightenment
 i - 3 potions of berserk rage
 k - 2 potions of degeneration {unknown}
 q - 6 potions of curing {unknown}
 r - 4 potions of mutation {unknown}
 x - 2 potions of invisibility {unknown}
 z - 3 potions of brilliance {unknown}
 D - 3 potions of haste
 J - a potion of ambrosia {unknown}


   Skills:
 + Level 12.6 Fighting
 * Level 12.7 Axes
 - Level 1.7 Throwing
 - Level 2.6 Dodging
 + Level 8.4 Invocations


You had 10 spell levels left.
You didn't know any spells.
Your spell library contained the following spells:

 Spells                   Type           Power      Damage    Failure   Level
 Apportation              Tloc           0%         N/A       100%        1
 Freeze                   Ice            0%         1d3       100%        1
 Jinxbite                 Hex            0%         N/A       100%        2
 Dazzling Flash           Conj/Hex       0%         N/A       100%        3
 Frozen Ramparts          Ice            0%         1d1       100%        3
 Hailstorm                Conj/Ice       0%         3d5       100%        3
 Leda's Liquefaction      Alch/Erth      0%         N/A       100%        4
 Alistair's Intoxication  Alch           0%         N/A       100%        5
 Lee's Rapid Deconstruct  Erth           0%         3d4*      100%        5
 Permafrost Eruption      Ice/Erth       0%         2x4d1     100%        6
 Starburst                Conj/Fire      0%         6d3       100%        6
 Maxwell's Capacitive Co  Air            0%         ∞         100%        8


Dungeon Overview and Level Annotations

Branches:
Dungeon (9/15)             Temple (1/1) D:7            Lair (0/5) D:9
    Orc (0/2) D:9          Bailey (visited)

Altars:
Ashenzari
Cheibriados
Dithmenos
Fedhas
Gozag
Hepliaklqana
Kikubaaqudgha
Makhleb
Nemelex Xobeh
Okawaru
Qazlal
Ru
Sif Muna
Trog
Uskayaw
Vehumet
Wu Jian
Xom
Yredelemnul

Shops:
D:9 *=[


Innate Abilities, Weirdness & Mutations

You have sharp fingernails.
You are completely covered in molten scales. (AC +4, rF+)
You may rarely emit foul miasma when damaged in melee.
You are mostly covered in sharp spines.


Message History

The orc warrior is no longer paralysed.
The gnoll is no longer paralysed.
The kobold brigand is no longer paralysed.
The gnoll sergeant hits you but does no damage.
You are more poisoned.
You block the gnoll's attack.
Uskayaw links your audience in an emotional bond!
You hit the gnoll sergeant.
The gnoll sergeant is severely wounded.
You hit the orc. You closely miss the orc warrior. You barely miss the gnoll.
You feel very sick. The gnoll sergeant barely misses you.
The orc warrior hits you with a +0 mace.
The orc hits you but does no damage.
The gnoll sergeant is engulfed in dark miasma.
The gnoll sergeant is poisoned.
The gnoll sergeant seems to slow down.
The gnoll sergeant hits you with a +1 heavy trident!
* * * LOW HITPOINT WARNING * * *
The gnoll hits you but does no damage.
You slash the gnoll sergeant!
You kill the gnoll sergeant!
You kill the gnoll!
You kill the orc!
You kill the gnoll sergeant!
You hit the orc warrior but do no damage.
You feel sick.
The orc warrior hits you but does no damage.
The kobold brigand throws a curare-tipped dart.
The curare-tipped dart hits you.
You are more poisoned.
You have difficulty breathing.
* * * LOW HITPOINT WARNING * * *
You feel yourself slow down.
You completely miss the orc warrior.
The orc warrior is severely wounded.
You hit the orc warrior but do no damage.
* * * LOW HITPOINT WARNING * * *
You feel extremely sick.
The orc warrior hits you with a +0 war axe!
* * * LOW HITPOINT WARNING * * *
The orc warrior hits you with a +0 mace.
You die...
Your body falls in perfect tune with the rhythm.

...†⌠##....##.#.##.......#
#''###..........#[........
............##............
........###.##..##.#....#.
........###.##.######.#.#
.............########.# #
##...............)....#
⌠.⌠........#####)###### #########
.∩.........# #ßo@)ß######PPPPPPPP
).⌠......#####.)°o)##.##PPPPPP...
.#.......###.#)$K..#....PPPPP..>.
.............#..)..#......PPPPl.P
..<..........#ß...ß#........P.PPP
..÷..[##..##########...#......PP.
..)...##### #.###......##........
......## #.##....#..####.....#
.......# ####.#.....#............


You could see 2 orc warriors and a kobold brigand (pain bonded).

Vanquished Creatures
  2 two-headed ogres
  Erica (D:8)
  Pikel (D:4)
  A komodo dragon (D:9)
  2 hornets
  2 trolls (D:9)
  6 spriggans (Bailey)
  Sigmund (D:3)
  9 yaks (D:8)
  2 steam dragons
  Edmund (D:6)
  2 water moccasins
  An ice beast (D:5)
  A black bear (D:3)
  2 orc warriors (D:9)
  A sky beast (D:7)
  5 ogres (Bailey)
  2 centaurs
  A phantom (D:5)
  4 lemures (D:4)
  A kobold brigand (D:9)
  A scorpion (D:6)
  7 gnoll sergeants (D:9)
  Blork the orc (D:4)
  3 bullfrogs
  5 wights (D:8)
  3 killer bees (D:7)
  An electric eel (D:6)
  2 centaur zombies (D:8)
  4 hounds
  5 jellies
  Crazy Yiuf (D:3)
  7 orc priests
  2 gnoll boudas
  A sleepcap (D:7)
  3 iguanas
  5 orc wizards
  A killer bee zombie (D:8)
  2 howler monkey zombies (D:8)
  Robin (D:3)
  26 gnolls
  11 adders
  A shadow imp (D:7)
  2 ufetubi (D:6)
  3 dart slugs
  3 ribbon worms
  25 orcs
  9 ball pythons
  7 endoplasms
  5 giant cockroaches
  23 goblins
  14 hobgoblins
  6 jackals
  2 quokkas
  4 bats
  5 frilled lizards
  5 kobolds
  5 rats
259 creatures vanquished.

Notes
Turn   | Place    | Note
-------+----------+-------------------------------------------
     0 | D:1      | Orlauf the Demonspawn Gladiator began the quest for the
                  | Orb.
     0 | D:1      | Reached XP level 1. HP: 16/16 MP: 1/1
   100 | D:1      | Gained mutation: You are partially covered in molten
                  | scales. (AC +2) [demonic ancestry]
   100 | D:1      | Reached XP level 2. HP: 16/22 MP: 2/2
   132 | D:1      | Found a faded altar of an unknown god.
   469 | D:1      | Gained mutation: You are mostly covered in molten scales.
                  | (AC +3) [demonic ancestry]
   469 | D:1      | Reached XP level 3. HP: 28/28 MP: 3/3
  1517 | D:2      | Gained mutation: You are completely covered in molten
                  | scales. (AC +4, rF+) [demonic ancestry]
  1517 | D:2      | Reached XP level 4. HP: 35/35 MP: 4/4
  2280 | D:3      | Found a runed translucent door.
  2281 | D:3      | Noticed Crazy Yiuf
  2387 | D:3      | Noticed Sigmund
  2396 | D:3      | Killed Sigmund
  2397 | D:3      | Reached skill level 5 in Axes
  2397 | D:3      | Reached XP level 5. HP: 42/42 MP: 5/5
  2397 | D:3      | Gained mutation: You have sharp fingernails. [demonic
                  | ancestry]
  2397 | D:3      | Reached XP level 6. HP: 48/48 MP: 6/6
  2878 | D:3      | Noticed Robin
  2883 | D:3      | Killed Robin
  3168 | D:3      | Killed Crazy Yiuf
  3262 | D:4      | Noticed Blork the orc
  3271 | D:4      | Killed Blork the orc
  3272 | D:4      | Gained mutation: You are partially covered in sharp spines.
                  | [demonic ancestry]
  3272 | D:4      | Reached XP level 7. HP: 51/55 MP: 7/7
  3406 | D:4      | Noticed Pikel
  3452 | D:4      | Killed Pikel
  3453 | D:4      | Reached skill level 5 in Fighting
  3453 | D:4      | Reached XP level 8. HP: 34/64 MP: 8/8
  4215 | D:4      | Identified a scroll of acquirement
  4215 | D:4      | Acquired a manual of Fighting
  4236 | D:5      | Entered Level 5 of the Dungeon
  5454 | D:6      | Noticed Edmund
  5468 | D:6      | Killed Edmund
  5637 | D:6      | Gained mutation: You are mostly covered in sharp spines.
                  | [demonic ancestry]
  5637 | D:6      | Reached XP level 9. HP: 64/74 MP: 9/9
  6115 | D:7      | Found a staircase to the Ecumenical Temple.
  6154 | D:7      | Paralysed by a hornet for 2 turns
  6174 | Temple   | Entered the Ecumenical Temple
  6320 | Temple   | Became a worshipper of Uskayaw the Reveller
  6354 | D:7      | Reached * piety under Uskayaw
  6382 | D:7      | Reached ** piety under Uskayaw
  6383 | D:7      | Reached skill level 1 in Invocations
  6384 | D:7      | Reached *** piety under Uskayaw
  6438 | D:7      | Reached skill level 10 in Axes
  7106 | D:8      | Found a flagged portal.
  7142 | Bailey   | Entered a bailey
  7270 | Bailey   | Reached skill level 10 in Fighting
  7342 | Bailey   | Identified the +1 quarterstaff of Ufyiq {freeze, Int+5}
  7345 | Bailey   | Reached **** piety under Uskayaw
  7351 | Bailey   | Gained mutation: You may rarely emit foul miasma when
                  | damaged in melee. [demonic ancestry]
  7351 | Bailey   | Reached XP level 10. HP: 43/86 MP: 13/13
  7500 | Bailey   | Noticed a two-headed ogre
  7513 | Bailey   | Killed a two-headed ogre
  7514 | Bailey   | Reached skill level 5 in Invocations
  7517 | Bailey   | Identified the +12 quarterstaff "Feale Viri" {elec, rPois
                  | Int+2}
  7774 | D:8      | Reached ***** piety under Uskayaw
  7847 | D:8      | Noticed Erica
  7853 | D:8      | Killed Erica
  8502 | D:8      | Found a burning altar of Makhleb.
  8504 | D:8      | Found an ornate altar of the Wu Jian Council.
  8596 | D:9      | Found Rasatuor's Jewellery Shoppe.
  8621 | D:9      | Reached XP level 11. HP: 42/95 MP: 16/16
  8637 | D:9      | Reached ****** piety under Uskayaw
  9091 | D:9      | Found a staircase to the Lair.
  9326 | D:9      | Found Sousyn's Assorted Antiques.
  9330 | D:9      | Bought a glowing war axe for 175 gold pieces
  9330 | D:9      | Bought a scroll of identify for 54 gold pieces
  9387 | D:9      | Noticed a two-headed ogre
  9398 | D:9      | Killed a two-headed ogre
  9602 | D:9      | Found Baamp's Antique Armour Boutique.
  9767 | D:9      | Found a staircase to the Orcish Mines.
  9787 | D:9      | HP: 2/96 [orc warrior/+0 war axe (9)]
  9787 | D:9      | Slain by an orc warrior

Illustrated notes

Levels and vault maps discovered:
D:1:      mrwooster_arrival_statue, layout_basic, serial_glass, glass_columns_b,
          glass_columns_a, glass_columns_b, glass_columns_c, glass_columns_b,
          glass_columns_a, shapermc_ecumenical_altar_pompeii,
          minmay_misc_feat_doors
D:2:      minmay_general_purpose_star, layout_loops_ring
D:3:      layout_loops_corners, kennysheep_generic_room_6,
          uniq_crazy_yiuf_cottage, uniq_robin, uniq_sigmund
D:4:      layout_cave_pods, uniq_blork_the_orc, uniq_pikel
D:5:      layout_basic
D:6:      layout_basic, nicolae_eternal_life, serial_bayou_lake_a, uniq_edmund
D:7:      layout_basic, temple_pool_b
D:8:      layout_loops_cross, minitemple, enter_bailey_2, serial_undead,
          serial_undead_e, serial_undead_c, serial_undead_d, serial_undead_e,
          kennysheep_crisscross, uniq_erica
D:9:      layout_cave_pools, david_lair_shrubbed,
          kennysheep_orc_monster_closet_entryway, serial_gnoll_camp,
          gnoll_camp_mini_shop, gnoll_camp_mini_house, gnoll_camp_mini_shop,
          gnoll_camp_huts_basic, serial_shops, shop_fountains
Temple:   mainiacjoe_temple_cubbyholes

Skill      XL: |  1  2  3  4  5  6  7  8  9 10 11 |
---------------+----------------------------------+-----
Axes           | 3 4 5 6 7 9 10 12 | 12.7
Fighting       | 3 4 5 8 10 12 | 12.6
Invocations    | 4 7 8 |  8.4
Throwing       | |  1.7
Dodging        | |  2.6

Action                     |  1- 3 |  4- 6 |  7- 9 | 10-12 || total
---------------------------+-------+-------+-------+-------++-------
  Melee: War axe           |   131 |   148 |   277 |   175 ||   731
  Throw: Throwing net      |       |     3 |     1 |     1 ||     5
         Dart              |       |     1 |       |     1 ||     2
  Evoke: Wand              |       |       |       |     7 ||     7
    Use: Scroll            |     3 |     8 |     5 |     1 ||    17
         Potion            |       |       |     1 |     1 ||     2
   Stab: Held in net/web   |       |     2 |       |     2 ||     4
         Distracted        |       |       |     1 |       ||     1
         Paralysed         |       |       |     4 |    20 ||    24
 Armour: Leather armour    |    41 |       |       |       ||    41
         Chain mail        |    75 |    22 |       |       ||    97
         Plate armour      |       |   107 |   229 |   180 ||   516
  Dodge: Dodged            |    51 |    43 |    40 |    29 ||   163
  Block: Other             |     8 |    26 |    47 |    38 ||   119
         Reflection        |       |     2 |     2 |       ||     4

Table legend: (Time is in decaauts)
 A = Elapsed time spent in this place.
 B = Non-inter-level travel time spent in this place.
 C = Inter-level travel time spent in this place.
 D = Time resting spent in this place.
 E = Time spent auto-exploring this place.
 F = Levels seen in this place.
 G = Mean time per level.
                   A        B        C        D        E       F      G
               +--------+--------+--------+--------+--------+-----+--------+
         Total |   9920 |   9747 |    173 |    735 |   7131 |  11 |  901.8 |
       Dungeon |   9203 |   9030 |    173 |    502 |   6856 |   9 | 1022.6 |
        Temple |    165 |    165 |      0 |      0 |    126 |   1 |  165.0 |
        Bailey |    550 |    550 |      0 |    233 |    148 |   1 |  550.0 |
               +--------+--------+--------+--------+--------+-----+--------+

Top non-repeatable levels by time:
     D:8: 1235 daAuts
     D:3: 1138 daAuts
     D:1: 1113 daAuts
     D:2: 1044 daAuts
     D:4: 1027 daAuts
     D:6: 1007 daAuts
     D:9: 980 daAuts
     D:5: 898 daAuts
     D:7: 758 daAuts
  Bailey: 550 daAuts
  Temple: 165 daAuts
